 Dungeon Crawl Stone Soup version 0.16-a0-691-g21e4870 (webtiles) character file.

18 RobertPalmer the Sneak (level 2, 0/19 HPs)
             Began as an Octopode Assassin on Sept 19, 2014.
             Slain by a quokka (2 damage)
             ... on Level 2 of the Dungeon.
             The game lasted 00:01:18 (842 turns).

RobertPalmer the Sneak (Octopode Assassin)           Turns: 842, Time: 00:01:18

HP   0/19        AC  2     Str  9 (10) XL: 2   Next: 70%
MP   2/2         EV 11     Int 13      God:
Gold 33          SH  0     Dex 13      Spells:  0 memorised,  1 level left

rFire  + . .     SeeInvis .     a - +2 dagger
rCold  + . .     Clarity  .     (no shield)
rNeg   . . .     rCorr    +     j - +1 hat
rPois  +         rRot     .     (no amulet)
rElec  +         Spirit   .     o - ring of sustain abilities
SustAb +         Warding  .     (no ring)
rMut   .         Stasis   .     (no ring)
Gourm  .                        (no ring)
MR     .....                    (no ring)
                                (no ring)
                                (no ring)
                                (no ring)

@: resistant, not resistant to hostile enchantments, stealthy
A: almost no armour, amphibious, 8 rings, constrict 8, camouflage 1, gelatinous
body 1
a: no special abilities


You were on level 2 of the Dungeon.
You were not hungry.

You visited 1 branch of the dungeon, and saw 2 of its levels.

You collected 33 gold pieces.


Innate Abilities, Weirdness & Mutations

You cannot wear most types of armour.
You are amphibious.
You can wear up to eight rings at the same time.
You can use your tentacles to constrict many enemies at once.
Your skin changes colour to match your surroundings (Stealth).
Your rubbery body absorbs attacks (AC +1).


   Skills:
 - Level 2.0 Fighting
 - Level 2.0 Short Blades
 - Level 2.0 Throwing
 - Level 1.0 Dodging
 + Level 6.4 Stealth


You had one spell level left.
You didn't know any spells.

Inventory:

Hand weapons
 a - a +2 dagger (weapon)
 b - a +0 blowgun
Missiles
 e - 8 poisoned needles
 f - 2 curare-tipped needles
Armour
 j - a +1 hat (worn)
Comestibles
 c - 2 meat rations
 g - a bread ration
Scrolls
 d - a scroll of remove curse
 h - a scroll of blinking {unknown}
 l - 2 scrolls of fog
 m - a scroll of recharging {unknown}
Jewellery
 o - a ring of sustain abilities (left tentacle)
Potions
 n - a potion of degeneration {!q}

Dungeon Overview and Level Annotations

Branches:
Dungeon (2/15)

Altars:

#..§§§...# #............
#...§....###.####.......
#...)§(.(.##.# .$....
#.......#.##.# .....
#..§§§..#..#.# )...
#.......##.#.# ...
##########.#.# #.#r#
#..@# ##..###
#######....#
#.....'....#
#.....#....#
#.....#....#
#.....#....#
#.....#.>..##.
#.....+.......


You could see a quokka.


Message History

No target in view!
c - 2 meat rations (gained 1)
A quokka comes into view.
A quokka is nearby!
A quokka is nearby!
A quokka is nearby!
A quokka is nearby!
Found 11 gold pieces.
Found a whip.
The quokka closely misses you. The quokka bites you.
You closely miss the quokka. The quokka closely misses you.
You barely miss the quokka. The quokka bites you.
You closely miss the quokka. The quokka barely misses you.
You closely miss the quokka. The quokka bites you.
* * * LOW HITPOINT WARNING * * *
You are too injured to fight recklessly!
You are too injured to fight recklessly!
You are too injured to fight recklessly!
The quokka bites you.
* * * LOW HITPOINT WARNING * * *
The quokka bites you.
* * * LOW HITPOINT WARNING * * *
Drink which item? (? for menu, Esc to quit)
There was something very wrong with that liquid!
You feel somewhat weakened.
It was a potion of degeneration.
The quokka barely misses you.
Drink which item? (? for menu, Esc to quit)
You feel protected.
It was a potion of resistance.
The quokka bites you.
You die...

Action                   || total
-------------------------++-------
Melee: Dagger            ||    32
  Use: Scroll            ||     4
       Potion            ||     2
 Stab: Sleeping          ||     6
       Distracted        ||     1

Vault maps used:
D:1:      lightli_arrival_lavapool, minivault_11, hangedman_decor_push
D:2:      uniq_jessica, uniq_crazy_yiuf_cottage

Notes
Turn   | Place    | Note
--------------------------------------------------------------
     0 | D:1      | RobertPalmer, the Octopode Assassin, began the quest for the Orb.
     0 | D:1      | Reached XP level 1. HP: 14/14 MP: 1/1
   470 | D:1      | Reached XP level 2. HP: 19/19 MP: 2/2
   610 | D:1      | Reached skill level 6 in Stealth
   837 | D:2      | HP: 1/19 [quokka (3)]
   842 | D:2      | Identified a potion of resistance
   842 | D:2      | Slain by a quokka

Vanquished Creatures
  An ooze (D:2)
  A bat (D:2)
  A giant cockroach (D:2)
  4 goblins
  A ball python (D:2)
  2 giant geckos
  A giant newt (D:1)
  6 kobolds
  A rat (D:1)
18 creatures vanquished.
